 Dungeon Crawl Stone Soup version 0.30.0-29-ga12c61a403 (webtiles) character file.

Game seed: 10195583513659410497

42 H0rd4k the Charlatan (level 3, -1/26 HPs)
             Began as a Human Artificer on June 15, 2023.
             Slain by an orc
             ... wielding a +0 mace
              (4 damage)
             ... on level 3 of the Dungeon.
             The game lasted 00:01:26 (2054 turns).

H0rd4k the Charlatan (Human Artificer)              Turns: 2054, Time: 00:01:27

Health: -1/26      AC:  9    Str: 12    XL:     3   Next: 77%
Magic:  3/3        EV:  6    Int: 13    God:
Gold:   249        SH:  0    Dex: 13    Spells: 2/2 levels left

rFire   x . .        a - +0 club
rCold   + . .        (no shield)
rNeg    . . .        o - +1 chain mail {rPois}
rPois   +            (no helmet)
rElec   .            (no cloak)
rCorr   .            (no gloves)
SInv    .            (no boots)
Will    .....        (no amulet) Stlth
                     b - ring of ice
HPRegen 0.24/turn    (no ring)
MPRegen 0.08/turn

%: no passive effects
@: no status effects
A: no striking features
a: no special abilities


You were on level 3 of the Dungeon.
You visited 1 branch of the dungeon, and saw 3 of its levels.

You collected 249 gold pieces.

Inventory:

Hand Weapons
 a - a +0 club (weapon)
Armour
 o - a +1 chain mail of poison resistance (worn)
Jewellery
 b - a ring of ice (left hand)
Wands
 c - a wand of flame (39) (quivered)
 d - a wand of charming (13)
 e - a wand of iceblast (5)
Scrolls
 f - a scroll of poison {unknown}
 i - a scroll of torment {unknown}
 j - 2 scrolls of identify {unknown}
 l - a scroll of fog {unknown}
 m - a scroll of teleportation {unknown}
 n - a scroll of enchant weapon {unknown}
Potions
 g - 2 potions of haste {unknown}
 h - 3 potions of curing {unknown}
 k - a potion of heal wounds {unknown}


   Skills:
 + Level 1.2 Fighting
 + Level 1.2 Maces & Flails
 - Level 2.0 Armour
 + Level 1.5 Dodging
 + Level 1.4 Stealth
 + Level 3.6 Evocations


You had 2 spell levels left.
You didn't know any spells.
Your spell library was empty.

Dungeon Overview and Level Annotations

Branches:
Dungeon (3/15)

Altars:


Message History

The orc is heavily wounded.
A bat comes into view.
The orc hits you but does no damage.
You hit the orc but do no damage.
The orc is heavily wounded.
The bat hits you but does no damage. The orc hits you with a +0 mace.
The bat hits you. The orc barely misses you.
You hit the orc but do no damage.
The orc is heavily wounded.
The bat hits you but does no damage. The orc hits you but does no damage.
You barely miss the orc.
The orc is heavily wounded.
The bat hits you but does no damage. The orc hits you with a +0 mace.
You hit the orc but do no damage.
The orc is heavily wounded.
The bat hits you but does no damage. The orc hits you with a +0 mace.
The bat hits you but does no damage.
You barely miss the orc.
The orc is heavily wounded.
The bat hits you but does no damage. The orc hits you but does no damage. x2
You barely miss the orc.
The orc is heavily wounded.
The bat hits you but does no damage. The orc hits you with a +0 mace.
You hit the orc.
The orc is heavily wounded.
The orc hits you but does no damage.
You closely miss the orc.
The orc is heavily wounded.
The orc hits you with a +0 mace.
You closely miss the orc.
The orc is heavily wounded.
The orc hits you with a +0 mace. The orc hits you but does no damage.
You hit the orc but do no damage.
The orc is heavily wounded.
The orc hits you with a +0 mace.
* * * LOW HITPOINT WARNING * * *
You barely miss the orc.
The orc is heavily wounded.
The orc hits you with a +0 mace.
You die...

.#####†..##.#...#####..........
...####..##...### #..........#
.....###..##### ##..........#
##.........# #...........#
####.......# ##.#.........#
......###### ##..##.......#
#####....#### ##..####.....##
####......##..## #######
####.bo@## #..### #.... #....
#.... #.... #####


You could see an orc and a bat.

Vanquished Creatures
  A worm (D:2)
  2 dart slugs
  4 ball pythons
  5 endoplasms
  A giant cockroach (D:1)
  3 goblins
  5 hobgoblins
  2 bats
  A frilled lizard (D:2)
  6 kobolds
  2 rats (D:1)
32 creatures vanquished.

Vanquished Creatures (others)
  An endoplasm (D:2)
1 creature vanquished.

Grand Total: 33 creatures vanquished

Notes
Turn   | Place    | Note
-------+----------+-------------------------------------------
     0 | D:1      | H0rd4k the Human Artificer began the quest for the Orb.
     0 | D:1      | Reached XP level 1. HP: 15/15 MP: 1/1
   121 | D:1      | Found a faded altar of an unknown god.
   213 | D:1      | Reached XP level 2. HP: 20/21 MP: 2/2
   932 | D:2      | Reached XP level 3. HP: 10/26 MP: 3/3
  1315 | D:2      | Reached skill level 1 in Maces & Flails
  2054 | D:3      | Slain by an orc

Illustrated notes

Levels and vault maps discovered:
D:1:      onia_arrival_pyramid, layout_loops_ring,
          hellmonk_ecumenical_altar_run_dry, minivault_11
D:2:      minmay_angry_zag, layout_loops_ring
D:3:      layout_rooms, mainiacjoe_overflow_concentric_impassable

Skill      XL: |  1  2  3 |
---------------+----------+-----
Maces & Flails | 1 |  1.2
Fighting       | |  1.2
Armour         | |  2.0
Dodging        | |  1.5
Stealth        | |  1.4
Evocations     | |  3.6

Action                     || total
---------------------------++-------
  Melee: Club              ||   180
         Punch             ||     2
  Evoke: Wand              ||     8
   Stab: Sleeping          ||     6
 Armour: Leather armour    ||    44
         Chain mail        ||    47
  Dodge: Dodged            ||    84
